[Event "ICC tourney 1981 (45 10)"]
[Site "Internet Chess Club"]
[Date "2020.08.29"]
[Round "4"]
[White "rellitnitram"]
[Black "Maximusiv"]
[Result "0-1"]
[ICCResult "White resigns"]
[WhiteElo "101"]
[BlackElo "1044"]
[Opening "Scandinavian defense"]
[ECO "B01"]
[NIC "SD.03"]
[Time "18:32:48"]
[TimeControl "2700+10"]

1. e4 d5 2. exd5 Nf6 3. Nc3 Nxd5 4. Bc4 Nxc3 5. bxc3 Nc6 6. d4 Bf5 7. Nf3 e6
8. O-O Bd6 9. Bg5 Be7 10. Bxe7 Nxe7 11. Re1 O-O 12. Qe2 Nd5 13. Bxd5 exd5
14. Rab1 Re8 15. Qd2 b6 16. Rxe8+ Qxe8 17. Re1 Qa4 18. Re5 g6 19. Rxd5 Qxa2
20. Re5 Qb1+ 21. Ne1 a5 22. h3 a4 23. Qe2 a3 24. Re8+ Rxe8 25. Qxe8+ Kg7 26.
Qe5+ Kf8 27. Qh8+ Ke7 28. Qe5+ Kf8 29. Qh8+ Ke7 30. Qe5+ Be6 31. Qxc7+ Kf8
32. Qd6+ Kg7 33. Qxa3 Qxe1+ 34. Kh2 Qxf2 35. Qd6 Qxc2 36. Qe5+ Kh6 37. Qe3+
g5 38. h4 Qf5 39. Qh3 Qxh3+ 40. gxh3 gxh4 41. Kg2 Kg5 42. Kh2 Kf4 43. Kg2
Ke3 {White resigns} 0-1

[Event "ICC tourney 1981 (45 10)"]
[Site "Internet Chess Club"]
[Date "2020.08.29"]
[Round "5"]
[White "HeSteven"]
[Black "JPJetti"]
[Result "0-1"]
[ICCResult "White resigns"]
[WhiteElo "857"]
[BlackElo "224"]
[Opening "Giuoco Pianissimo: Italian four knights variation"]
[ECO "C55"]
[NIC "IG.01"]
[Time "21:02:00"]
[TimeControl "2700+10"]

1. e4 e5 2. Nf3 Nc6 3. Bc4 Nf6 4. Nc3 Bc5 5. d3 a6 6. Bg5 d6 7. Nd5 Be6 8.
Nxf6+ gxf6 9. Bxe6 fxe6 10. Bh4 Qe7 11. Qd2 O-O-O 12. Qh6 Rdf8 13. a4 Nd4
14. Nxd4 Bxd4 15. c3 Ba7 16. b4 Qe8 17. b5 Qg6 18. Qxg6 hxg6 19. bxa6 bxa6
20. O-O g5 21. Bg3 Kd7 22. Rab1 Rb8 23. Rxb8 Rxb8 24. Rd1 f5 25. exf5 exf5
26. h3 Rb3 27. Rc1 f4 28. Bh2 Ra3 29. d4 Rxa4 30. dxe5 dxe5 31. c4 Ke6 32.
c5 Ra2 33. c6 Bxf2+ 34. Kh1 Be3 35. Rd1 Rd2 36. Rxd2 Bxd2 37. Bg1 a5 38. Bc5
Kd5 39. Be7 Kxc6 40. Bxg5 a4 41. Be7 Kb5 42. Kg1 Be3+ 43. Kf1 Bc5 44. Ke2
Bxe7 {White resigns} 0-1

[Event "ICC tourney 1981 (45 10)"]
[Site "Internet Chess Club"]
[Date "2020.08.29"]
[Round "5"]
[White "bpchoppara"]
[Black "oxdidi"]
[Result "1-0"]
[ICCResult "Black checkmated"]
[WhiteElo "1198"]
[BlackElo "1303"]
[Opening "King's Indian: Semi-Averbakh system"]
[ECO "E70"]
[NIC "KI.31"]
[Time "21:01:53"]
[TimeControl "2700+10"]

1. d4 Nf6 2. c4 g6 3. Nc3 Bg7 4. e4 d6 5. Be3 O-O 6. Be2 Nbd7 7. Nf3 b6 8.
e5 dxe5 9. Nxe5 Bb7 10. Nxd7 Qxd7 11. O-O e6 12. c5 bxc5 13. dxc5 Qc6 14.
Bf3 Qa6 15. Be2 Qa5 16. a3 Rad8 17. Qc2 Nd5 18. b4 Nxc3 19. bxa5 Nxe2+ 20.
Qxe2 Bxa1 21. Rxa1 Bd5 22. Bh6 Rfe8 23. Qe5 Ba2 24. Qg7# {Black checkmated}
1-0

[Event "ICC tourney 1981 (45 10)"]
[Site "Internet Chess Club"]
[Date "2020.08.29"]
[Round "5"]
[White "Rhinoguy"]
[Black "JCJ2018"]
[Result "1-0"]
[ICCResult "Black checkmated"]
[WhiteElo "1192"]
[BlackElo "994"]
[Opening "Scotch opening"]
[ECO "C44"]
[NIC "KP.10"]
[Time "21:01:54"]
[TimeControl "2700+10"]

1. e4 e5 2. Nf3 Nc6 3. d4 d6 4. d5 Nce7 5. Nc3 c6 6. Bc4 Nf6 7. O-O cxd5 8.
Nxd5 Nexd5 9. Bxd5 Rb8 10. Ng5 Be6 11. Bxe6 fxe6 12. Nxe6 Qe7 13. Nxf8 Qxf8
14. f3 Rd8 15. Bg5 h6 16. Be3 b6 17. Qd3 Qe7 18. Rad1 O-O 19. Qc4+ Kh8 20.
c3 Rc8 21. Qb4 Rfd8 22. Rf2 Ne8 23. g3 Qc7 24. h4 a5 25. Qxb6 Qxb6 26. Bxb6
Rd7 27. Bxa5 Ra8 28. Bb4 Rxa2 29. Rfd2 Kh7 30. b3 Rxd2 31. Rxd2 g5 32. h5
Kg7 33. g4 Kf7 34. Kf2 Ke6 35. Ke3 Nc7 36. c4 Na6 37. Ba3 Nc5 38. Bxc5 dxc5
39. Rxd7 Kxd7 40. Kd3 Kc6 41. Kc3 Kb6 42. b4 cxb4+ 43. Kxb4 Kc6 44. c5 Kb7
45. Kb5 Kc7 46. c6 Kb8 47. Kb6 Ka8 48. Kc7 Ka7 49. Kd7 Kb8 50. c7+ Ka7 51.
c8=Q Kb6 52. Qc4 Ka5 53. Qb3 Ka6 54. Kc7 Ka5 55. Kc6 Ka6 56. Qa3#
{Black checkmated}
1-0

[Event "ICC tourney 1981 (45 10)"]
[Site "Internet Chess Club"]
[Date "2020.08.29"]
[Round "5"]
[White "pullabhotla"]
[Black "charanreddy"]
[Result "0-1"]
[ICCResult "White resigns"]
[WhiteElo "1128"]
[BlackElo "1204"]
[Opening "Giuoco Piano"]
[ECO "C54"]
[NIC "IG.02"]
[Time "21:01:55"]
[TimeControl "2700+10"]

1. e4 e5 2. Nf3 Nc6 3. Bc4 Bc5 4. c3 Nf6 5. Ng5 O-O 6. d3 h6 7. Nf3 d5 8.
exd5 Nxd5 9. O-O Bg4 10. h3 Bh5 11. Qb3 Na5 12. Qc2 Bxf3 13. gxf3 Nf4 14.
Bxf4 exf4 15. b4 Nxc4 16. bxc5 Ne5 17. Nd2 Qxd3 18. Qxd3 Nxd3 19. Rab1 Nxc5
20. Rb4 g5 21. Re1 Rfe8 22. Ne4 Nxe4 23. fxe4 b6 24. Rc4 c5 25. Ra4 Re5 26.
f3 f6 27. c4 a5 28. Ra3 Rd8 29. Rc3 f5 30. Kf2 fxe4 31. fxe4 Kf7 32. a4 Kg6
33. Kf3 Rd4 34. Ree3 fxe3 {White resigns} 0-1

[Event "ICC tourney 1981 (45 10)"]
[Site "Internet Chess Club"]
[Date "2020.08.29"]
[Round "5"]
[White "suhavit"]
[Black "mimzhang"]
[Result "0-1"]
[ICCResult "White checkmated"]
[WhiteElo "1106"]
[BlackElo "997"]
[Opening "Giuoco Pianissimo: Italian four knights variation"]
[ECO "C50"]
[NIC "IG.02"]
[Time "21:02:04"]
[TimeControl "2700+10"]

1. e4 e5 2. Nf3 Nc6 3. Bc4 Bc5 4. Nc3 Nf6 5. d3 d6 6. h3 h6 7. O-O g5 8. Be3
Bb6 9. Qd2 g4 10. hxg4 Bxg4 11. Nh2 Rg8 12. Nxg4 Nxg4 13. Qe2 Qh4 14. Bxf7+
Kxf7 15. Qf3+ Ke8 16. Rfe1 Qh2+ 17. Kf1 Nxe3+ 18. Rxe3 Qh1+ 19. Ke2 Qxa1 20.
Qh5+ Kd8 21. Qh4+ Kc8 22. Qh3+ Kb8 23. Qe6 Rc8 24. Rg3 a6 25. Rg8 Rxg8 26.
Qxg8+ Ka7 27. Qb3 Nd4+ 28. Kd2 Nxb3+ 29. cxb3 Qxb2+ 30. Kd1 Qxc3 31. Ke2
Qc2+ 32. Kf3 Qxf2+ 33. Kg4 Qxg2+ 34. Kf5 Qg5+ 35. Ke6 Re8+ 36. Kd5 c6+ 37.
Kc4 Qc1+ 38. Kb4 Qc5+ 39. Ka4 Qa5# {White checkmated} 0-1

[Event "ICC tourney 1981 (45 10)"]
[Site "Internet Chess Club"]
[Date "2020.08.29"]
[Round "5"]
[White "Maximusiv"]
[Black "Gnanathan"]
[Result "1-0"]
[ICCResult "Black checkmated"]
[WhiteElo "1072"]
[BlackElo "1355"]
[Opening "Sicilian: wing gambit"]
[ECO "B20"]
[NIC "SI.48"]
[Time "21:02:40"]
[TimeControl "2700+10"]

1. e4 c5 2. b4 d6 3. bxc5 dxc5 4. Bc4 e6 5. Nf3 Nc6 6. Bb2 Bd6 7. Bxg7 f6 8.
Bxh8 Qe7 9. Nc3 h6 10. Nb5 Bf4 11. g3 Bb8 12. O-O Qh7 13. Bxf6 Nxf6 14. e5
Ng4 15. Re1 h5 16. c3 Ncxe5 17. Nxe5 Nxe5 18. Bb3 Qf7 19. f4 Ng4 20. d4 cxd4
21. Nxd4 Qc7 22. Nxe6 Qb6+ 23. Nd4+ Kf8 24. Qe2 Nf6 25. Qe7# {Black
checkmated} 1-0

[Event "ICC tourney 1981 (45 10)"]
[Site "Internet Chess Club"]
[Date "2020.08.29"]
[Round "5"]
[White "lerui"]
[Black "aslan777"]
[Result "1-0"]
[ICCResult "Black resigns"]
[WhiteElo "1090"]
[BlackElo "487"]
[Opening "Scandinavian (center counter) defense"]
[ECO "B01"]
[NIC "VO.17"]
[Time "21:02:00"]
[TimeControl "2700+10"]

1. e4 d5 2. exd5 Qxd5 3. Nf3 Nf6 4. Be2 Bg4 5. O-O Nc6 6. Nc3 Qd7 7. h3 Bh5
8. d3 e6 9. Bf4 O-O-O 10. Ne5 Nxe5 11. Bxe5 Bxe2 12. Qxe2 Nd5 13. Nxd5 Qxd5
14. Bc3 f6 15. Rfe1 e5 16. Qg4+ Kb8 17. Qe4 Qd7 18. Qf3 Bd6 19. Rad1 h5 20.
d4 exd4 21. Bxd4 Qa4 22. Qb3 Qd7 23. Ra1 Qf5 24. a4 Qf4 25. Be3 Qh2+ 26. Kf1
Rhe8 27. a5 Bf4 28. a6 b6 29. Qc4 Qh1+ 30. Ke2 Qxg2 31. Rg1 Qe4 32. Qxe4
Rxe4 33. Kf3 Rxe3+ 34. fxe3 Bg5 35. Rad1 Re8 36. Rd3 Bh6 37. Rgd1 Kc8 38. h4
g5 39. hxg5 fxg5 40. Rh1 g4+ 41. Kg3 Rxe3+ 42. Rxe3 Bxe3 43. Rxh5 Bd4 44. b3
Be5+ 45. Rxe5 {Black resigns} 1-0

[Event "ICC tourney 1981 (45 10)"]
[Site "Internet Chess Club"]
[Date "2020.08.29"]
[Round "5"]
[White "desuleel"]
[Black "srikardesu"]
[Result "1-0"]
[ICCResult "Black resigns"]
[WhiteElo "1024"]
[BlackElo "183"]
[Opening "Benko's opening: reversed Alekhine"]
[ECO "A00"]
[NIC "VO.09"]
[Time "21:02:02"]
[TimeControl "2700+10"]

1. g3 e5 2. Nf3 Nc6 3. c3 Bc5 4. e3 Nf6 5. a4 O-O 6. b3 e4 7. Ng5 d6 8. Ba3
Bxa3 9. Nxa3 Ng4 10. h3 Nf6 11. Qc2 b6 12. d3 exd3 13. Qxd3 Nb8 14. Bg2 Ba6
15. Qd4 c5 16. Qh4 d5 17. c4 Nc6 18. cxd5 Ne7 19. Rd1 h6 20. Nf3 Nf5 21. Qf4
Nd6 22. h4 Nh5 23. Ne5 Nxf4 24. gxf4 Qf6 25. Nac4 Qf5 26. Nxd6 Qh5 27. Bf3
Qxf3 28. Nxf3 Rfd8 29. Ne4 c4 30. b4 b5 31. axb5 Bxb5 32. d6 Ba4 33. Ra1 Bc6
34. Nd4 Bxe4 35. Rf1 c3 36. Ke2 Rac8 37. Nb5 c2 38. Nxa7 Rc3 39. Rac1 Bd3+
40. Kd2 Bxf1 41. Kxc3 Ba6 42. Rxc2 Rxd6 43. f3 Bb7 44. e4 Bc6 45. e5 Rd8 46.
Nxc6 Rc8 47. b5 g5 48. hxg5 hxg5 49. fxg5 Kg7 50. Rg2 Kg6 51. Kd4 Kf5 52.
Ne7+ Ke6 53. Nxc8 {Black resigns} 1-0

[Event "ICC tourney 1981 (45 10)"]
[Site "Internet Chess Club"]
[Date "2020.08.29"]
[Round "5"]
[White "bsarvagnya"]
[Black "sharanyavpandey"]
[Result "1-0"]
[ICCResult "Black checkmated"]
[WhiteElo "1066"]
[BlackElo "661"]
[Opening "two knights defense: Bogolyubov variation"]
[ECO "C58"]
[NIC "KP.01"]
[Time "21:02:10"]
[TimeControl "2700+10"]

1. e4 e5 2. Nf3 Nc6 3. Bc4 Nf6 4. Ng5 d5 5. exd5 Na5 6. Bb5+ c6 7. dxc6 bxc6
8. Qf3 Bb7 9. Ba4 h6 10. Ne4 Be7 11. a3 Qc7 12. d3 Ba6 13. Nxf6+ Bxf6 14. b4
Nb7 15. Qxc6+ Qxc6 16. Bxc6+ Ke7 17. b5 Bxb5 18. Bxb5 e4 19. Ra2 exd3 20.
cxd3 Rac8 21. O-O Rhd8 22. Bb2 Bxb2 23. Rxb2 Nc5 24. Re2+ Kf6 25. Re3 Rb8
26. Bc4 Rd7 27. d4 Ne6 28. Bxe6 fxe6 29. Rfe1 Re7 30. d5 Rb6 31. dxe6 Kf5
32. Nc3 Rd6 33. Re5+ Kf6 34. Nd5+ Kg6 35. Nxe7+ Kf6 36. Nd5+ Kg6 37. e7 a6
38. e8=Q+ Kh7 39. Re6 Rxd5 40. Qg6+ Kg8 41. Re8# {Black checkmated} 1-0

[Event "ICC tourney 1981 (45 10)"]
[Site "Internet Chess Club"]
[Date "2020.08.29"]
[Round "5"]
[White "BotanicalKnight"]
[Black "boxingguy2469x"]
[Result "1/2-1/2"]
[ICCResult "Game drawn by mutual agreement"]
[WhiteElo "1381"]
[BlackElo "1216"]
[Opening "Bishop's opening: Berlin defense"]
[ECO "C24"]
[NIC "IG.04"]
[Time "21:02:01"]
[TimeControl "2700+10"]

1. e4 e5 2. Bc4 Nf6 3. d3 Bc5 4. Nc3 c6 5. Bb3 d6 6. Na4 Bg4 7. Ne2 Bb4+ 8.
Nac3 d5 9. exd5 cxd5 10. O-O Bxc3 11. bxc3 O-O 12. Bg5 d4 13. cxd4 exd4 14.
f3 Bh5 15. Nf4 Bg6 16. Qe1 {Game drawn by mutual agreement} 1/2-1/2

[Event "ICC tourney 1981 (45 10)"]
[Site "Internet Chess Club"]
[Date "2020.08.29"]
[Round "5"]
[White "harijangam"]
[Black "CajunWyoCowboy"]
[Result "1-0"]
[ICCResult "Black resigns"]
[WhiteElo "387"]
[BlackElo "1268"]
[Opening "Queen's pawn: stonewall attack"]
[ECO "D00"]
[NIC "QP.08"]
[Time "21:01:54"]
[TimeControl "2700+10"]

1. d4 d5 2. e3 Nf6 3. Bd3 Nc6 4. c3 e5 5. Nf3 e4 6. Ne5 exd3 7. Qxd3 Nxe5 8.
dxe5 Ng4 9. O-O Nxe5 10. Qe2 Be6 11. e4 dxe4 12. Qb5+ Nd7 13. Qxb7 Be7 14.
Qxe4 O-O 15. Rd1 Qe8 16. b4 Nf6 17. Qb7 Rb8 18. Qxa7 Rd8 19. Bd2 Ne4 20. Qe3
Nxd2 21. Nxd2 Rd6 22. Ne4 Rxd1+ 23. Rxd1 Bxa2 24. Qa7 Bc4 25. Qxc7 Be6 26.
Nc5 Bxc5 27. Qxc5 Qa4 28. Qd4 Qe8 29. c4 Qe7 30. c5 Qf6 31. Qxf6 gxf6 32. b5
Rb8 33. b6 Bd7 34. Rxd7 Kf8 35. b7 Ke8 36. c6 f5 37. f4 f6 38. Kf2 h6 39.
Kg3 h5 40. Kh4 Rd8 41. Rxd8+ Kxd8 42. b8=Q+ {Black resigns} 1-0

[Event "ICC tourney 1981 (45 10)"]
[Site "Internet Chess Club"]
[Date "2020.08.29"]
[Round "5"]
[White "Pranavs23"]
[Black "PirateKing"]
[Result "0-1"]
[ICCResult "White checkmated"]
[WhiteElo "821"]
[BlackElo "868"]
[Opening "Caro-Kann: two knights variation"]
[ECO "B11"]
[NIC "CK.01"]
[Time "21:01:56"]
[TimeControl "2700+10"]

1. e4 c6 2. Nc3 d5 3. Nf3 dxe4 4. Nxe4 Bf5 5. Nc3 Nf6 6. d4 e6 7. Bf4 Bd6 8.
Bxd6 Qxd6 9. Bc4 O-O 10. Qd2 Nbd7 11. Qe2 Nb6 12. Ne5 Nxc4 13. Qxc4 Bxc2 14.
O-O Ne4 15. Rfe1 Nxc3 16. Qxc3 Bf5 17. Rad1 f6 18. Nf3 Bg4 19. Qb3 b5 20. h3
Bxf3 21. gxf3 Rfe8 22. a3 a5 23. Qc3 b4 24. Qe3 bxa3 25. bxa3 Qd5 26. Rd2
Qh5 27. f4 Qg6+ 28. Kh2 Qf5 29. Qf3 a4 30. Rde2 e5 31. dxe5 fxe5 32. Rxe5
Rxe5 33. Rxe5 Qf6 34. Rf5 Qxf5 35. Qxc6 Qxf4+ 36. Kg1 Rf8 37. Qc2 Qg5+ 38.
Kh2 Qh4 39. Kg2 Qg5+ 40. Kh2 Qf4+ 41. Kg2 Qf3+ 42. Kg1 Qxh3 43. Qxa4 Qf5 44.
Qc4+ Qf7 45. Qc2 Qg6+ 46. Kf1 Qxc2 47. Kg1 Qxf2+ 48. Kh1 Qf1+ 49. Kh2 Rf2+
50. Kg3 Qg2+ 51. Kh4 Rf4+ 52. Kh5 Qg4# {White checkmated} 0-1

[Event "ICC tourney 1981 (45 10)"]
[Site "Internet Chess Club"]
[Date "2020.08.29"]
[Round "5"]
[White "worldcupgirl"]
[Black "Cougar2020"]
[Result "0-1"]
[ICCResult "White checkmated"]
[WhiteElo "1349"]
[BlackElo "1179"]
[Opening "French: exchange variation"]
[ECO "C01"]
[NIC "FR.01"]
[Time "21:02:25"]
[TimeControl "2700+10"]

1. e4 e6 2. d4 d5 3. exd5 exd5 4. Bd3 Bd6 5. h3 Nf6 6. Bg5 Nbd7 7. Nf3 O-O
8. O-O h6 9. Bh4 c6 10. c3 Qc7 11. Bxf6 Nxf6 12. Ne5 Bxe5 13. dxe5 Qxe5 14.
Re1 Qc7 15. Nd2 Be6 16. Nf3 Rfe8 17. Rc1 Rad8 18. Bc2 Ne4 19. Nd4 Qb6 20.
Bxe4 dxe4 21. Rxe4 c5 22. Qf3 cxd4 23. cxd4 Rc8 24. Rd1 Red8 25. Rf4 Rf8 26.
d5 Bd7 27. Re1 Rfe8 28. Rxe8+ Bxe8 29. Qg4 Rd8 30. Rb4 Qc7 31. Rb3 Qd7 32.
Qd4 Qxd5 33. Qxd5 Rxd5 34. Rxb7 Rd7 35. Rb3 f6 36. Rc3 Rd6 37. b4 Rc6 38.
Re3 Bf7 39. a4 Rc4 40. Re7 Rxb4 41. Rxa7 Bc4 42. f3 f5 43. Kf2 f4 44. g3
Rb2+ 45. Kg1 fxg3 46. Rc7 Rb1+ 47. Kg2 Bb3 48. Rb7 g5 49. a5 Bc2 50. Rc7 Bd3
51. Rd7 Bf1+ 52. Kxg3 Rb2 53. Kg4 Rb4+ 54. Kh5 Bxh3 55. Rd5 Kg7 56. a6 Rh4#
{White checkmated}
0-1

[Event "ICC tourney 1981 (45 10)"]
[Site "Internet Chess Club"]
[Date "2020.08.29"]
[Round "5"]
[White "vhegde"]
[Black "AJRChess2011"]
[Result "0-1"]
[ICCResult "White resigns"]
[WhiteElo "1143"]
[BlackElo "1191"]
[Opening "Queen's pawn game"]
[ECO "A46"]
[NIC "QP.06"]
[Time "21:01:58"]
[TimeControl "2700+10"]

1. d4 Nf6 2. Nf3 d6 3. c4 Nbd7 4. Nc3 g6 5. Bf4 Bg7 6. Qd2 O-O 7. Bh6 c5 8.
Bxg7 Kxg7 9. e3 cxd4 10. Qxd4 Nc5 11. Be2 Qb6 12. b3 e5 13. Qd2 Nfe4 14. Qb2
Qb4 15. Rc1 Na4 16. a3 Qxc3+ 17. Rxc3 Nxb2 18. Rc2 Nxc4 19. Rxc4 Bf5 20. O-O
Nc5 21. b4 Ne4 22. Rfc1 Kf6 23. Nh4 d5 24. Rc7 Nd6 25. Nxf5 gxf5 26. Rd7
Rfd8 27. Rxd8 Rxd8 28. Rc7 d4 29. exd4 exd4 30. Bd3 Rc8 31. Rxc8 Nxc8 32.
Kf1 Nd6 33. Ke2 Ne4 34. Kf3 Ke5 35. h3 h5 36. Ke2 f4 37. Kf3 Ng5+ 38. Ke2
f3+ 39. Kf1 fxg2+ 40. Kxg2 Kf4 41. Bc4 h4 42. a4 Ke4 43. b5 d3 44. f4 Ne6
45. f5 Nf4+ 46. Kh2 d2 47. Bb3 Kxf5 48. Bc2+ Ke5 49. Bd1 Kd4 50. a5 f5 51.
a6 bxa6 52. bxa6 Kc3 53. Bf3 Kc2 54. Kg1 Nxh3+ 55. Kf1 d1=Q+ 56. Bxd1+ Kxd1
57. Kg2 Nf4+ 58. Kf3 h3 59. Kg3 Kd2 60. Kh2 Kd3 61. Kg3 Kc4 {White resigns}
0-1

[Event "ICC tourney 1981 (45 10)"]
[Site "Internet Chess Club"]
[Date "2020.08.29"]
[Round "5"]
[White "aryasaravanan"]
[Black "sassymareese"]
[Result "0-1"]
[ICCResult "White checkmated"]
[WhiteElo "1162"]
[BlackElo "1388"]
[Opening "Sicilian: dragon, Yugoslav attack"]
[ECO "B75"]
[NIC "SI.17"]
[Time "21:01:58"]
[TimeControl "2700+10"]

1. e4 c5 2. Nf3 d6 3. d4 cxd4 4. Nxd4 Nf6 5. Nc3 g6 6. f3 Bg7 7. Be3 Bd7 8.
Qd2 Nc6 9. O-O-O O-O 10. g4 h5 11. gxh5 Nxh5 12. Nxc6 bxc6 13. Be2 Rb8 14.
Rdg1 Qa5 15. Bc4 Qb4 16. Bb3 Be6 17. Bxa7 Bxb3 18. Bxb8 Bxa2 19. Ba7 Ra8 20.
Be3 Be6 21. Kd1 Qxb2 22. Bd4 Ra1+ 23. Ke2 Bc4+ 24. Kf2 Bxd4+ 25. Kg2 Rxg1+
26. Rxg1 Bxg1 27. Kxg1 Nf6 28. Kf2 Bb3 29. Ke3 Qxc2 30. Qxc2 Bxc2 31. Kd4
Kg7 32. e5 c5+ 33. Kc4 dxe5 34. Kxc5 e4 35. fxe4 Nxe4+ 36. Nxe4 Bxe4 37. Kd4
f5 38. Ke3 Kf6 39. Kf4 e5+ 40. Kg3 g5 41. Kf2 f4 42. Kf1 Kf5 43. Kf2 Kg4 44.
Kg1 Bh1 45. Kf1 e4 46. Kf2 e3+ 47. Kf1 Kf3 48. h4 e2+ 49. Ke1 gxh4 50. Kd2
Kf2 51. Kd3 e1=R 52. Kd4 Re3 53. Kc5 Bc6 54. Kxc6 Re5 55. Kd6 h3 56. Kxe5 h2
57. Kxf4 h1=Q 58. Kg4 Qf3+ 59. Kg5 Kg3 60. Kg6 Qe4+ 61. Kg7 Qe6 62. Kh7 Qg4
63. Kh8 Kf4 64. Kh7 Kf5 65. Kh8 Kf6 66. Kh7 Qg7# {White checkmated} 0-1

[Event "ICC tourney 1981 (45 10)"]
[Site "Internet Chess Club"]
[Date "2020.08.29"]
[Round "5"]
[White "paradoxical"]
[Black "McTaggartfan"]
[Result "0-1"]
[ICCResult "White checkmated"]
[WhiteElo "1053"]
[BlackElo "1288"]
[Opening "KP: Nimzovich defense"]
[ECO "B00"]
[NIC "VO.05"]
[Time "21:02:03"]
[TimeControl "2700+10"]

1. e4 Nc6 2. Nf3 d6 3. Nc3 Bg4 4. h3 Bh5 5. b3 e5 6. Bb2 Nf6 7. Bb5 a6 8.
Bxc6+ bxc6 9. d3 Be7 10. g4 Bg6 11. Qe2 Qd7 12. O-O-O c5 13. g5 Nh5 14. h4
Nf4 15. Qf1 Bh5 16. Re1 Bxf3 17. Rg1 Bh5 18. f3 O-O 19. Nd5 Nxd5 20. exd5
Qf5 21. f4 f6 22. Rg2 fxg5 23. hxg5 Qxf4+ 24. Qxf4 Rxf4 25. a3 Raf8 26. Rgg1
R8f5 27. b4 cxb4 28. axb4 Bxg5 29. Kb1 Bf3 30. c4 Bh4 31. Rc1 Be2 32. Kc2
Rf2 33. Kc3 R5f3 34. Kb3 Rxd3+ 35. Ka2 Rd2 36. Ka1 Bd3 37. Rcd1 Rxd1+ 38.
Rxd1 Bxc4 39. Bc3 Kf7 40. Be1 Rf4 41. Bd2 Rf2 42. Be1 Ra2+ 43. Kb1 Bxe1 44.
Rxe1 Bxd5 45. Rf1+ Ke7 46. Rg1 g6 47. Rg3 Rf2 48. Rh3 h5 49. Rg3 Be4+ 50.
Kc1 d5 51. Kd1 Kf6 52. Ke1 Rf3 53. Rg1 g5 54. Ke2 g4 55. Kd2 Kf5 56. Rc1 g3
57. Rxc7 g2 58. Rf7+ Kg4 59. Rg7+ Kh3 60. Rg5 Kh4 61. Rg7 Rg3 62. Re7 g1=Q
63. Rxe5 Qd4+ 64. Ke2 Qxe5 65. b5 Bd3+ 66. Kd2 d4 67. bxa6 Qe2+ 68. Kc1 Rg1#
{White checkmated}
0-1

[Event "ICC tourney 1981 (45 10)"]
[Site "Internet Chess Club"]
[Date "2020.08.29"]
[Round "5"]
[White "alphablitz"]
[Black "rellitnitram"]
[Result "1/2-1/2"]
[ICCResult "Game drawn because neither player has mating material"]
[WhiteElo "709"]
[BlackElo "181"]
[Opening "Caro-Kann: exchange variation"]
[ECO "B13"]
[NIC "CK.02"]
[Time "21:01:56"]
[TimeControl "2700+10"]

1. e4 c6 2. d4 d5 3. exd5 cxd5 4. Nf3 Nc6 5. Bf4 e6 6. Nc3 Bb4 7. Bb5 Ne7 8.
Bd2 O-O 9. O-O Qb6 10. Bxc6 Nxc6 11. Be3 Bxc3 12. bxc3 Qc7 13. Qd3 f6 14. c4
Nb4 15. Qb3 Qxc4 16. Qxc4 dxc4 17. c3 Nc2 18. Rac1 Nxe3 19. fxe3 Bd7 20. Rb1
Bc6 21. Nd2 a6 22. Nxc4 Bb5 23. Rb4 Bxc4 24. Rxc4 Rfc8 25. Rxc8+ Rxc8 26.
Rc1 b5 27. e4 Rc4 28. a3 e5 29. d5 Kf7 30. d6 Ke8 31. Kf2 Rxe4 32. Kf3 Rf4+
33. Ke3 Kd7 34. g3 Ra4 35. Ra1 Kxd6 36. h4 Kc5 37. Kd3 h5 38. Kc2 g5 39.
hxg5 fxg5 40. Kb2 h4 41. gxh4 gxh4 42. Re1 e4 43. Re3 Kd5 44. Rh3 e3 45.
Rxe3 Rg4 46. Rh3 Ke5 47. Re3+ Kf4 48. Rd3 Rg3 49. Rd4+ Kg5 50. Rd5+ Kg4 51.
Rd4+ Kh3 52. Rd6 Kg2 53. Rh6 h3 54. Rxa6 h2 55. Rh6 Rh3 56. Rg6+ Rg3 57. Rh6
Kg1 58. Rxh2 Kxh2 59. Kb3 Rd3 60. Kb4 Kg3 61. Kxb5 Rxc3 62. a4 Rc8 63. a5
Kf4 64. a6 Ra8 65. Kb6 Ke5 66. Kb7 Re8 67. a7 Kd6 68. a8=Q Rxa8 69. Kxa8
{Game drawn because neither player has mating material}
1/2-1/2

[Event "ICC tourney 1981 (45 10)"]
[Site "Internet Chess Club"]
[Date "2020.08.29"]
[Round "5"]
[White "NeuralNetworkQS"]
[Black "Electryon"]
[Result "1/2-1/2"]
[ICCResult "Game drawn by mutual agreement"]
[WhiteElo "788"]
[BlackElo "1368"]
[Opening "Scandinavian (center counter) defense"]
[ECO "B01"]
[NIC "SD.02"]
[Time "21:01:52"]
[TimeControl "2700+10"]

1. e4 d5 2. exd5 Qxd5 3. Nc3 Qd8 4. Bc4 c6 5. Nf3 Bf5 6. d4 e6 7. Nh4 Bg6 8.
Nxg6 hxg6 9. Be3 Nf6 10. Bg5 Nbd7 11. Qd2 Qc7 12. h4 Bb4 13. a3 Bxc3 14.
Qxc3 Ne4 15. Qe3 Nxg5 16. Qxg5 Rh5 17. Qd2 O-O-O 18. O-O-O Rdh8 19. g3 g5
20. Be2 R5h6 21. Qxg5 Rg6 22. Qe7 Nf6 23. Qxc7+ Kxc7 24. h5 Rg5 25. c3 Ne4
26. Rdf1 Rh6 27. Bd3 Nf6 28. Be2 Nxh5 29. Bxh5 Rgxh5 30. Rxh5 Rxh5 31. Kd2
Kd6 32. Kd3 Kd5 33. c4+ Kd6 34. b4 b5 35. f4 Rh3 36. Rf3 f5 37. c5+ Ke7 38.
Ke2 Kf6 39. Kf2 Rh2+ 40. Kg1 Rd2 41. Re3 Rxd4 42. Kh2 Rd5 43. Kh3 e5 44.
fxe5+ Rxe5 45. Rd3 g5 46. Rd6+ Re6 47. Rd7 Re7 48. Rd6+ Re6 49. Rd7 a6 50.
Ra7 Ke5 51. Rxa6 Rh6+ 52. Kg2 Kd5 53. Kf3 Re6 54. g4 f4 55. Kf2 Re3 56. a4
bxa4 57. Rxa4 Rg3 58. Ra1 Rxg4 59. Kf3 Rg3+ 60. Kf2 Rb3 61. Ra4 Kc4 62. Ra6
Kb5 63. Rb6+ Kc4 64. Rxc6 Rxb4 65. Rc8 g4 66. c6 g3+ 67. Kf3 Rb5 68. c7 Rc5
69. Kxf4 g2 70. Rg8 {Game drawn by mutual agreement} 1/2-1/2